 Dungeon Crawl Stone Soup version 0.18-b1-22-ge198996 (webtiles) character file.

69 Chiseanne the Magician (level 4, -2/30 HPs)
             Began as a Demonspawn Wizard on May 4, 2016.
             Slain by a sky beast (4 damage)
             ... on level 3 of the Dungeon.
             The game lasted 00:04:15 (2548 turns).

Chiseanne the Magician (Demonspawn Wizard)          Turns: 2548, Time: 00:04:15

Health: -2/30      AC:  3    Str:  7    XL:     4   Next: 2%
Magic:  0/9        EV: 12    Int: 20    God:
Gold:   109        SH:  0    Dex: 12    Spells: 4 memorised, 2 levels left

rFire  . . .     SeeInvis .     j - +0 short sword
rCold  + . .     Gourm    .     a - +0 robe
rNeg   . . .     Faith    .     (no shield)
rPois  .         Spirit   +     b - +1 hat
rElec  .         Dismiss  .     (no cloak)
rCorr  .         Reflect  .     (no gloves)
SustAt .         Harm     .     (no boots)
MR     .....                    (no amulet)
Stlth  ++........               (no ring)
                                (no ring)

@: not resistant to hostile enchantments, unstealthy
A: cold resistance 1, magic shield
a: no special abilities


You were on level 3 of the Dungeon.
You were not hungry.

You visited 1 branch of the dungeon, and saw 3 of its levels.

You collected 109 gold pieces.

Inventory:

Hand Weapons
 j - a +0 short sword (weapon)
Missiles
 f - 27 stones (quivered)
Armour
 a - a +0 robe (worn)
 b - a +1 hat (worn)
Jewellery
 m - a cursed ring of teleportation {unknown}
Scrolls
 k - a scroll of recharging
Potions
 e - a potion of agility {unknown}
 h - a potion of heal wounds {unknown}
 i - a potion of flight {unknown}
 n - a potion of degeneration {unknown}
 o - a potion of lignification {unknown}
 q - a potion of curing {unknown}
Books
 c - a book of Minor Magic

   Spells                             Type                      Level
   a - Magic Dart                     Conjuration                  1
   b - Blink                          Translocation                2
   c - Call Imp                       Summoning                    2
   d - Repel Missiles                 Charms/Air                   2
   e - Slow                           Hexes                        2
   f - Conjure Flame                  Conjuration/Fire             3
   g - Mephitic Cloud                 Conjuration/Poison/Air       3
 p - a book of Geomancy

   Spells                             Type                      Level
   a - Sandblast                      Earth                        1
   b - Passwall                       Transmutation/Earth          2
   c - Stone Arrow                    Conjuration/Earth            3
   d - Petrify                        Transmutation/Earth          4
   e - Lee's Rapid Deconstruction     Earth                        5
Comestibles
 d - 3 bread rations
 g - a slice of pizza
 l - a meat ration


   Skills:
 - Level 1.7 Dodging
 - Level 1.7 Stealth
 * Level 3.8 Spellcasting
 * Level 2.8 Conjurations
   Level 1.0 Summonings
 - Level 0.8 Translocations


You had 2 spell levels left.
You knew the following spells:

 Your Spells              Type           Power        Failure   Level  Hunger
a - Magic Dart            Conj           ###.         4%          1    None
b - Blink                 Tloc           N/A          17%         2    ##.....
c - Repel Missiles        Chrm/Air       #.....       24%         2    ##.....
d - Mephitic Cloud        Conj/Pois/Air  #.......     30%         3    ###....


Dungeon Overview and Level Annotations

Branches:
Dungeon (3/15)

Altars:
Zin

Annotations:
D:3 Sigmund


Innate Abilities, Weirdness & Mutations

Your flesh is cold resistant.
When hurt, damage is shared between your health and your magic reserves.


Message History

Confirm with . or Enter, or press ? or * to list all spells.
Aiming: Mephitic Cloud
Press: ? - help, Shift-Dir - straight line, f - sky beast
Aim: a sky beast (lightly wounded)
The ball explodes into a vile cloud!
The stinking cloud engulfs something.
The stinking cloud engulfs the sky beast.
The sky beast is lightly wounded.
You hear a shout!
A sky beast appears from thin air!
The sky beast flickers out of sight!
Deactivating autopickup; reactivate with Ctrl-A.
The sky beast hits you. The sky beast shocks you. Something hits you.
Something shocks you. The sky beast barely misses you. Something hits you.
Something shocks you.
* * * LOW HITPOINT WARNING * * *
Sigmund shouts!
Sigmund gestures wildly while chanting.
Sigmund flickers and vanishes!
Something hits you.
* * * LOW HITPOINT WARNING * * *
Something shocks you.
You die...

#.#.# ###...#.##.#
#.#.###.....#.##.#
#.....#.....#.##.#
###.#.#.....#.##.#
#...).†........#
#.###...#......#
#.###≈#.###.####
#.##..........
#.##..@###.... #.#8..Y8#
.. ##...## . #...#
##...## #8...8#
##..{#### ### ######
#8##...##8###8####.....
.................##.####


You could see a sky beast.

Vanquished Creatures
  An adder (D:1)
  An ooze (D:1)
  A worm (D:2)
  2 dart slugs
  A giant gecko (D:2)
  An orc (D:3)
  A giant cockroach (D:1)
  7 goblins
  7 hobgoblins
  2 quokkas (D:2)
  4 bats (D:2)
  2 giant newts
  10 kobolds
  5 rats
45 creatures vanquished.

Notes
Turn   | Place    | Note
--------------------------------------------------------------
     0 | D:1      | Chiseanne the Demonspawn Wizard began the quest for the Orb.
     0 | D:1      | Reached XP level 1. HP: 13/13 MP: 4/4
   293 | D:1      | Gained mutation: Your flesh is cold resistant. [demonic ancestry]
   293 | D:1      | Reached XP level 2. HP: 19/19 MP: 4/6
  1246 | D:1      | Learned a level 2 spell: Blink
  1249 | D:1      | Learned a level 2 spell: Repel Missiles
  1267 | D:1      | Reached XP level 3. HP: 24/24 MP: 2/7
  1272 | D:1      | Learned a level 3 spell: Mephitic Cloud
  1516 | D:2      | Found a glowing silver altar of Zin.
  2472 | D:3      | Noticed Sigmund
  2497 | D:3      | Noticed a sky beast
  2511 | D:3      | Noticed a sky beast
  2525 | D:3      | Gained mutation: When hurt, damage is shared between your health and your magic reserves. [demonic ancestry]
  2525 | D:3      | Reached XP level 4. HP: 21/30 MP: 2/9
  2548 | D:3      | Slain by a sky beast

Skill      XL: |  1  2 |
---------------+-------+-----
Conjurations   | 2 |  2.8
Dodging        | |  1.7
Stealth        | |  1.7
Spellcasting   | |  3.8
Summonings     | |  1.0
Translocations | |  0.8

Action                   |  1- 3 |  4- 6 || total
-------------------------+-------+-------++-------
Melee: Unarmed           |     8 |       ||     8
       Short sword       |    26 |     3 ||    29
 Cast: Magic Dart        |   103 |       ||   103
       Mephitic Cloud    |     1 |     1 ||     2
  Use: Scroll            |     3 |       ||     3
 Stab: Sleeping          |     1 |       ||     1
  Eat: Chunk             |     5 |       ||     5
Armor: Robe              |     8 |     4 ||    12
Dodge: Dodged            |    30 |     3 ||    33
